 Dungeon Crawl Stone Soup version 0.24-a0-139-geb6712d (webtiles) character file.

Game seed: 5488515023462947491

8101 AtlasWard the Martial Artist (level 11, -10/92 HPs)
             Began as a Green Draconian Transmuter on Mar 4, 2019.
             Was a Priest of Ru.
             Mangled by a four-headed hydra (11 damage)
             ... on level 1 of the Lair of Beasts.
             The game lasted 00:35:26 (13496 turns).

AtlasWard the Martial Artist (DrTm)                Turns: 13496, Time: 00:35:27

Health: -10/92     AC:  7    Str: 16    XL:     11   Next: 5%
Magic:  18/18      EV: 13    Int: 15    God:    Ru [***...]
Gold:   1057       SH:  0    Dex: 14    Spells: 5/20 levels left

rFire    + . .     SeeInvis .     - Unarmed
rCold    . . .     Gourm    +   (no shield)
rNeg     . . .     Faith    .   (armour unavailable)
rPois    +         Spirit   .   (helmet restricted)
rElec    .         Reflect  .   q - scarf {repulsion}
rCorr    .         Harm     .   (no gloves)
MR       .....                  (no boots)
Stlth    ..........             e - amulet of the gourmand
HPRegen  0.25/turn              a - ring of protection from fire
MPRegen  0.16/turn              m - +4 ring of strength

@: exhausted, appendage (expiring), lightly drained, repel missiles
A: breathe noxious fumes, unfitting armour, horns 2, poison resistance,
cold-blooded, no stealth, inability to use devices, AC +7
a: Breathe Noxious Fumes, End Transformation, Draw Out Power, Renounce Religion


You were on level 1 of the Lair of Beasts.
You worshipped Ru.
Ru was most pleased with you.
You were completely stuffed.
You had grown temporary horns.
You visited 3 branches of the dungeon, and saw 12 of its levels.

You collected 1057 gold pieces.

Inventory:

Hand Weapons
 b - a +2 dagger of venom
Missiles
 d - 96 arrows
Armour
 q - a scarf of repulsion (worn)
Jewellery
 a - a ring of protection from fire (left hand)
 e - an amulet of the gourmand (around neck)
 l - an uncursed ring of positive energy
 m - a +4 ring of strength (right hand)
Scrolls
 g - 4 scrolls of remove curse
 i - 5 scrolls of teleportation
 k - a scroll of amnesia
 n - a scroll of enchant weapon {unknown}
 o - 2 scrolls of enchant armour
 r - a scroll of identify
 t - a scroll of blinking {unknown}
 u - a scroll of brand weapon {unknown}
 y - a scroll of immolation {unknown}
 B - a scroll of fog {unknown}
Potions
 f - 3 potions of lignification
 h - 5 potions of curing
 j - 2 potions of agility
 p - a potion of flight
 s - 5 potions of mutation
 v - 2 potions of magic
 w - a potion of cancellation {unknown}
 x - 3 potions of haste
 z - 2 potions of invisibility
 A - a potion of might
Comestibles
 c - 20 rations


   Skills:
 + Level 7.2(6.9) Fighting
 + Level 3.7(3.4) Dodging
 * Level 11.5(11.1) Unarmed Combat
 + Level 5.1(4.7) Spellcasting
 + Level 8.6(8.3) Transmutations
 - Level 4.0(3.6) Poison Magic


You had 5 spell levels left.
You knew the following spells:

 Your Spells              Type           Power        Failure   Level  Hunger
a - Ice Form              Ice/Tmut       ###.....     30%         4    ####...
b - Blade Hands           Tmut           ####......   16%         5    ######.
q - Beastly Appendage     Tmut           ####..       1%          1    None
r - Spider Form           Tmut/Pois      ###.......   4%          3    ###....
w - Sticks to Snakes      Tmut           ####....     1%          2    ##.....

Your spell library contained the following spells:

 Spells                   Type           Power        Failure   Level  Hunger
 Animate Skeleton         Necr           N/A          17%         1    None
 Apportation              Tloc           #.....       17%         1    None
 Confusing Touch          Hex            #.....       17%         1    None
 Summon Small Mammal      Summ           #...         17%         1    None


Dungeon Overview and Level Annotations

Branches:
Dungeon (10/15)            Temple (1/1) D:5            Lair (1/6) D:10
    Orc: D:9-12

Altars:
Ashenzari
Cheibriados
Dithmenos
Elyvilon
Fedhas
Gozag
Hepliaklqana
Kikubaaqudgha
Makhleb
Nemelex Xobeh
Okawaru
Qazlal
Ru
Sif Muna
Trog
Uskayaw
Vehumet
Wu Jian
Xom
Yredelemnul
Zin
The Shining One

Shops:
D:6 [   D:9 :


Innate Abilities, Weirdness & Mutations

You can breathe blasts of noxious fumes.
Your lurid green scales are hard. (AC +7)
You cannot fit into any form of body armour.
Your system is resistant to poisons. (rPois)
You are cold-blooded and may be slowed by cold attacks.
You cannot be stealthy.
You cannot study or use magical devices.
You have a pair of horns on your head.


Message History

The four-headed hydra barely misses you.
The four-headed hydra bites you!
* * * LOW HITPOINT WARNING * * *
Your ball python bites the four-headed hydra.
As you read the scroll labeled MUV RIB MAUMN, it crumbles to dust.
It is a scroll of amnesia.
Okay, then.
Your adder bites the four-headed hydra.
Your ball python bites the four-headed hydra.
Your adder bites the four-headed hydra.
The four-headed hydra bites your ball python!
Your ball python dies!
The four-headed hydra bites your adder! x2
Your adder dies!
The four-headed hydra barely misses you.
As you read the scroll labeled HUCLUT TAI, it crumbles to dust.
It is a scroll of enchant armour.
You aren't carrying any armour which can be enchanted further.
The four-headed hydra bites you!
You die...

#.........#
#..#.###..#
#..###
##..# ..#
#...# ..#
##..# P.#
#..# #.#
##..## #.#
#..D@# #.#
##..##
#.####..#
#<......#
#.......P#
#.#####..#
#.# #.##
P.# #.#
...# #..


You could see a four-headed hydra.

Vanquished Creatures
  A two-headed ogre (D:8)
  Erica (D:9)
  Joseph (D:9)
  2 trolls (D:10)
  A hippogriff (D:10)
  5 yaks
  Edmund (D:4)
  A water moccasin (D:10)
  A hornet zombie (D:8)
  3 orc warriors
  3 black bears
  2 sky beasts
  A necrophage (D:7)
  A phantom (D:8)
  7 ogres
  A crocodile (D:10)
  2 gnoll sergeants
  5 bullfrogs
  A wyvern zombie (D:10)
  2 scorpions
  7 killer bees
  7 howler monkeys
  5 crimson imps
  A bullfrog zombie (D:5)
  2 jellies
  A quasit (D:7)
  A centaur zombie (D:7)
  8 hounds
  2 gnoll shamans
  2 orc priests
  14 orc wizards
  Ijyb (D:4)
  3 centaur skeletons
  4 worker ants
  3 iguanas
  Natasha (thrice) (D:3)
  A hound skeleton (D:9)
  11 adders
  13 gnolls
  A howler monkey skeleton (D:8)
  3 shadow imps
  2 adder skeletons
  5 worms
  3 dart slugs
  7 leopard geckos
  47 orcs
  3 giant cockroaches
  5 goblins
  9 hobgoblins
  20 jackals
  8 kobolds
  5 quokkas
  A ball python (D:3)
  8 bats
  4 frilled lizards
  9 rats
  A spectral orc (D:3)
272 creatures vanquished.

Vanquished Creatures (others)
  A gnoll (D:9)
1 creature vanquished.

Grand Total: 273 creatures vanquished

Notes
Turn   | Place    | Note
-------+----------+-------------------------------------------
     0 | D:1      | AtlasWard the Draconian Transmuter began the quest for the
                  | Orb.
     0 | D:1      | Reached XP level 1. HP: 16/16 MP: 3/3
   434 | D:1      | Reached XP level 2. HP: 23/23 MP: 5/5
   487 | D:1      | Found a sparkling altar of Nemelex Xobeh.
  1251 | D:2      | Reached XP level 3. HP: 25/30 MP: 6/6
  1599 | D:2      | Reached XP level 4. HP: 34/38 MP: 7/7
  1771 | D:2      | Found a faded altar of an unknown god.
  2082 | D:3      | Learned a level 2 spell: Sticks to Snakes
  2086 | D:3      | Learned a level 3 spell: Spider Form
  2102 | D:3      | Found a blossoming altar of Fedhas.
  2161 | D:3      | Reached skill level 1 in Poison Magic
  2203 | D:3      | Noticed Natasha
  2216 | D:3      | Killed Natasha
  2216 | D:3      | Reached XP level 5. HP: 21/46 MP: 6/8
  2423 | D:3      | Noticed Natasha
  2434 | D:3      | Killed Natasha
  2647 | D:3      | Noticed an ogre
  2781 | D:3      | Killed an ogre
  2806 | D:3      | Reached XP level 6. HP: 53/53 MP: 3/9
  2843 | D:3      | Reached skill level 5 in Fighting
  3094 | D:3      | Found an ancient bone altar of Kikubaaqudgha.
  3103 | D:3      | Noticed Natasha
  3118 | D:3      | Killed Natasha
  3514 | D:3      | Found a basalt altar of Yredelemnul.
  3797 | D:4      | Found a sparkling altar of Nemelex Xobeh.
  3858 | D:4      | Found a bloodstained altar of Trog.
  3894 | D:4      | Noticed Edmund
  4294 | D:4      | Reached skill level 4 in Unarmed Combat
  4461 | D:4      | Noticed Ijyb
  4508 | D:4      | Your scales start taking on a lurid green colour.
  4508 | D:4      | Reached XP level 7. HP: 56/61 MP: 10/10
  4508 | D:4      | Gained mutation: Your system is resistant to poisons.
                  | (rPois) [Green Draconian growth]
  4541 | D:4      | Found a deep blue altar of Sif Muna.
  4556 | D:4      | Killed Edmund
  4701 | D:4      | Found a hide-covered altar of Uskayaw.
  4799 | D:4      | Killed Ijyb
  4799 | D:4      | Reached skill level 5 in Transmutations
  4859 | D:5      | Entered Level 5 of the Dungeon
  5052 | D:5      | Reached skill level 5 in Unarmed Combat
  5303 | D:5      | Reached XP level 8. HP: 9/70 MP: 7/11
  5682 | D:5      | Noticed a troll
  5899 | D:5      | Found a staircase to the Ecumenical Temple.
  5971 | Temple   | Entered the Ecumenical Temple
  6076 | Temple   | Became a worshipper of Ru the Awakened
  6599 | D:6      | Found a shimmering altar of Xom.
  6600 | D:6      | Found a shimmering altar of Xom.
  6721 | D:6      | Reached skill level 6 in Unarmed Combat
  6870 | D:6      | Found Odghou's Armour Boutique.
  7811 | D:7      | Found an opulent altar of Gozag.
  7864 | D:7      | Reached skill level 7 in Unarmed Combat
  8149 | D:7      | Gained mutation: You cannot study or use magical devices.
                  | [Ru sacrifice]
  8149 | D:7      | Reached * piety under Ru
  8149 | D:7      | Reached ** piety under Ru
  8233 | D:7      | Reached XP level 9. HP: 58/75 MP: 10/14
  8443 | D:8      | Found a glowing silver altar of Zin.
  8479 | D:7      | Reached skill level 8 in Unarmed Combat
  9152 | D:8      | Noticed a two-headed ogre
  9180 | D:8      | Killed a two-headed ogre
  9180 | D:8      | Reached skill level 9 in Unarmed Combat
  9254 | D:8      | Reached skill level 10 in Unarmed Combat
  9997 | D:8      | Reached XP level 10. HP: 62/81 MP: 13/16
 10346 | D:9      | Learned a level 4 spell: Ice Form
 10352 | D:9      | Learned a level 5 spell: Blade Hands
 10985 | D:9      | Found Itwor's Book Shoppe.
 11139 | D:9      | Noticed Joseph
 11185 | D:9      | Killed Joseph
 11273 | D:9      | Noticed Erica
 11286 | D:9      | HP: 4/81 [poisoned by Erica (bolt of poison)]
 11288 | D:9      | Killed Erica
 11577 | D:9      | Gained mutation: You cannot be stealthy. [Ru sacrifice]
 11577 | D:9      | Reached *** piety under Ru
 11597 | D:10     | Entered Level 10 of the Dungeon
 11760 | D:10     | Reached skill level 11 in Unarmed Combat
 12653 | D:10     | Found a staircase to the Lair.
 12783 | D:10     | Reached skill level 5 in Spellcasting
 12921 | D:10     | Reached XP level 11. HP: 87/92 MP: 15/18
 13459 | Lair:1   | Entered Level 1 of the Lair of Beasts
 13473 | Lair:1   | Noticed a four-headed hydra
 13494 | Lair:1   | HP: 1/92 [four-headed hydra (9)]
 13496 | Lair:1   | Mangled by a four-headed hydra

Levels and vault maps discovered:
D:1:      psy_arrival_radial02, layout_basic, nemelex_diamond_rough_becter
D:2:      layout_rooms, chequers_ecumenical_altar_simple_redux, first_ration,
          minmay_goblin_outpost
D:3:      layout_basic, kiku_gazebo_garden_becter, old_standard_altar,
          yredelemnul_forgotten_temple_becter, uniq_natasha
D:4:      layout_cave_pools, lemuel_round_altar, overflow_temple_1_default,
          kennysheep_little_box, nemelex_xobeh_ov_fountains_minmay,
          minmay_crystal_room, uniq_edmund, uniq_ijyb
D:5:      layout_loops_ring, minmay_temple_entry_statues_pillars
D:6:      layout_loops_ring, xom_redecorated, serial_shops, shop_coins,
          hangedman_decor_push, grunt_ministairs_10
D:7:      layout_loops_cross, nicolae_gozag_seed_capital
D:8:      minmay_goldmine, layout_rooms, nicolae_overflow_crystal_walls
D:9:      layout_cross, serial_gnoll_camp, gnoll_camp_mini_house,
          gnoll_camp_mini_shop, gnoll_camp_mini_basic, gnoll_camp_mini_hut,
          gnoll_camp_mini_basic, uniq_joseph, uniq_erica
D:10:     layout_basic, lair_entry_dummy
Temple:   nicolae_temple_hex_pool
Lair:1:   layout_long_grid, serial_bayou_shore_b, uniq_nergalle

Skill      XL: |  1  2  3  4  5  6  7  8  9 10 |
---------------+-------------------------------+-----
Fighting       | 2 3 4 5 6 7 |  7.2
Transmutations | 3 4 5 6 7 8 |  8.6
Poison Magic   | 1 3 4 |  4.0
Unarmed Combat | 4 5 7 10 11 | 11.5
Spellcasting   | 3 4 5 |  5.1
Dodging        | 3 |  3.7

Action                   |  1- 3 |  4- 6 |  7- 9 | 10-12 || total
-------------------------+-------+-------+-------+-------++-------
Melee: Unarmed           |    37 |       |   397 |   284 ||   718
       Dagger            |    57 |    14 |       |       ||    71
       Kick              |     2 |     4 |     7 |    13 ||    26
       Tailslap          |     7 |    13 |    16 |    25 ||    61
       Punch             |     2 |     4 |     4 |    11 ||    21
       Headbutt          |     1 |     6 |     5 |     3 ||    15
       Short sword       |    25 |   154 |       |       ||   179
 Cast: Beastly Appendage |     4 |     8 |    10 |    14 ||    36
       Sticks to Snakes  |       |     3 |       |     3 ||     6
       Spider Form       |       |       |    28 |    15 ||    43
Invok: Sacrifice Artific |       |       |     1 |       ||     1
       Sacrifice Stealth |       |       |       |     1 ||     1
       Draw Out Power    |       |       |       |     1 ||     1
 Abil: Breathe Noxious F |       |       |     3 |       ||     3
       End Transformatio |       |       |     2 |     2 ||     4
  Use: Scroll            |       |       |    11 |     5 ||    16
       Potion            |       |       |       |     3 ||     3
 Stab: Confused          |       |       |     8 |       ||     8
       Sleeping          |       |       |     1 |       ||     1
       Distracted        |       |       |     1 |     1 ||     2
       Invisible         |       |       |       |     3 ||     3
  Eat: Chunk             |    11 |    11 |    21 |    13 ||    56
Armor: Skin              |    53 |    53 |    45 |    41 ||   192
Dodge: Dodged            |    88 |   108 |   264 |   200 ||   660
       Deflected         |       |     3 |       |     2 ||     5

Table legend:
 A = Non-vault XP
 B = Vault XP
 C = Vault XP percentage of total XP
 D = Non-vault monster count
 E = Vault monster count
 F = Vault count percentage of total count
                 A         B        C        D         E       F
            +---------+---------+-------+---------+---------+-------
      Total |    9257 |    2317 |  20.0 |     233 |      39 |  14.3
            +---------+---------+-------+---------+---------+-------
        D:1 |      27 |       0 |   0.0 |      21 |       0 |   0.0
        D:2 |      92 |       6 |   6.1 |      21 |       3 |  12.5
        D:3 |     344 |      34 |   9.0 |      22 |       2 |   8.3
        D:4 |     272 |     207 |  43.2 |      23 |       2 |   8.0
        D:5 |     568 |       0 |   0.0 |      25 |       0 |   0.0
        D:6 |     501 |      80 |  13.8 |       9 |       2 |  18.2
        D:7 |    1069 |       0 |   0.0 |      29 |       0 |   0.0
        D:8 |    2236 |     317 |  12.4 |      30 |      13 |  30.2
        D:9 |     511 |    1673 |  76.6 |      14 |      17 |  54.8
       D:10 |    3637 |       0 |   0.0 |      39 |       0 |   0.0
            +---------+---------+-------+---------+---------+-------
